 Dungeon Crawl Stone Soup version 0.19.4-9-g45fd643 (webtiles) character file.

123 JeffiDaFish the Shield-Bearer (level 5, 0/33 HPs)
             Began as a Gargoyle Fighter on Feb 21, 2017.
             Slain by an ogre
             ... wielding a +0 giant club
              (3 damage)
             ... on level 4 of the Dungeon.
             The game lasted 00:04:46 (2388 turns).

JeffiDaFish the Shield-Bearer (Gargoyle Fighter)    Turns: 2388, Time: 00:04:47

Health: 0/33       AC: 14    Str: 23 (24) XL:     5   Next: 7%
Magic:  5/5        EV:  4    Int:  7 (9)  God:
Gold:   157        SH: 14    Dex:  9 (10) Spells: 0 memorised, 4 levels left

rFire  . . .     SeeInvis .     a - +1 flail
rCold  . . .     Gourm    .     k - +0 chain mail
rNeg   + . .     Faith    .     i - +0 large shield
rPois  ∞         Spirit   .     (no helmet)
rElec  +         Reflect  .     (no cloak)
rCorr  .         Harm     .     (no gloves)
MR     .....                    h - +0 pair of boots
Stlth  ..........               (no amulet)
                                (no ring)
                                (no ring)

@: mighty
A: negative energy resistance 1, electricity resistance, unbreathing,
petrification resistance, rot immunity, AC +4
a: no special abilities


You were on level 4 of the Dungeon.
You were hungry.

You visited 1 branch of the dungeon, and saw 4 of its levels.

You collected 157 gold pieces.

Inventory:

Hand Weapons
 a - a +1 flail (weapon)
 o - a cursed +0 flail
Armour
 h - a +0 pair of boots (worn)
 i - a +0 large shield (worn)
 k - a +0 chain mail (worn)
Scrolls
 c - 2 scrolls of blinking
 g - a scroll of enchant weapon
Potions
 d - a potion of might
 e - a potion of berserk rage
 m - a potion of curing
Comestibles
 b - a beef jerky
 f - 2 bread rations
 j - 2 meat rations
 l - 3 fruits
 n - a royal jelly


   Skills:
 + Level 3.7 Fighting
 + Level 3.0 Maces & Flails
 + Level 3.8 Armour
 + Level 1.4 Dodging
 + Level 4.2 Shields


You had 4 spell levels left.
You didn't know any spells.

Dungeon Overview and Level Annotations

Branches:
Dungeon (4/15)
 Temple: D:4-7

Altars:
Dithmenos
Fedhas
Makhleb
Uskayaw
Xom

Shops:
D:4 !


Innate Abilities, Weirdness & Mutations

You are resistant to torment.
Your stone body is resilient. (AC +4)
You are immune to poison.
You resist negative energy. (rN+)
You are resistant to electric shocks. (rElec)
You can survive without breathing.
You are immune to petrification.
You are immune to rotting.


Message History

You are too injured to fight recklessly!
You are too injured to fight recklessly!
You are too injured to fight recklessly!
You are too injured to fight recklessly!
You are too injured to fight recklessly!
The adder bites you but does no damage.
You feel better. You block the ogre's attack.
You feel very mighty all of a sudden. The ogre hits you with a giant club!
* * * LOW HITPOINT WARNING * * *
You sock the ogre!
The ogre is heavily wounded.
The ogre hits you but does no damage.
Your shield and chain mail prevent you from hitting the ogre.
The ogre is heavily wounded.
You block the ogre's attack.
You barely miss the ogre.
The ogre is heavily wounded.
The ogre hits you with a giant club.
You die...

#.......# .# #
#.......##..#
#.#............
#......<.....∩#
###.....#......
###S### #####
#S# #O# #@# #.#
#.# #.# #.# #.#
#.# #..


You could see an ogre, an adder and a ball python.

Vanquished Creatures
  6 adders
  2 oozes
  A worm (D:2)
  2 dart slugs
  4 leopard geckos
  A ball python (D:3)
  6 bats
  5 giant cockroaches
  3 goblins
  3 hobgoblins
  4 frilled lizards (D:1)
  9 kobolds
  11 rats
57 creatures vanquished.

Notes
Turn   | Place    | Note
-------+----------+-------------------------------------------
     0 | D:1      | JeffiDaFish the Gargoyle Fighter began the quest for the Orb.
     0 | D:1      | Reached XP level 1. HP: 14/14 MP: 1/1
   225 | D:1      | Reached XP level 2. HP: 19/19 MP: 2/2
   328 | D:1      | Reached XP level 3. HP: 19/23 MP: 3/3
   798 | D:2      | Reached skill level 4 in Shields
   985 | D:2      | Found a blossoming altar of Fedhas.
   988 | D:2      | Found a burning altar of Makhleb.
   988 | D:2      | Found a shimmering altar of Xom.
  1040 | D:2      | Reached skill level 1 in Dodging
  1083 | D:2      | Reached XP level 4. HP: 23/28 MP: 4/4
  1176 | D:2      | Found a shadowy altar of Dithmenos.
  1890 | D:3      | Found a hide-covered altar of Uskayaw.
  2258 | D:3      | Reached XP level 5. HP: 33/33 MP: 5/5
  2374 | D:4      | Found Ewohef's Distillery.
  2374 | D:4      | Noticed an ogre
  2388 | D:4      | Slain by an ogre

Skill      XL: |  1  2  3  4 |
---------------+-------------+-----
Shields        | 4 |  4.2
Dodging        | 1 |  1.4
Maces & Flails | 3 |  3.0
Fighting       | |  3.7
Armour         | |  3.8

Action                   |  1- 3 |  4- 6 || total
-------------------------+-------+-------++-------
Melee: Flail             |   153 |    97 ||   250
  Use: Scroll            |     5 |     4 ||     9
       Potion            |     2 |     5 ||     7
  Eat: Chunk             |     1 |     4 ||     5
Armor: Scale mail        |    91 |    46 ||   137
       Chain mail        |       |    15 ||    15
Dodge: Dodged            |    46 |    13 ||    59
Block: Shield            |    49 |       ||    49
       Large shield      |    62 |    85 ||   147
